 Dungeon Crawl Stone Soup version 0.28.0-45-g0d030f2227 (webtiles) character file.

Game seed: 17016668884982665035

18 seaoflcl the Skirmisher (level 2, -2/24 HPs)
             Began as a Human Fighter on Apr 23, 2022.
             Frozen to death by an endoplasm (5 damage)
             ... on level 1 of the Dungeon.
             The game lasted 00:00:30 (634 turns).

seaoflcl the Skirmisher (Human Fighter)              Turns: 634, Time: 00:00:30

Health: -2/24      AC:  6    Str: 16    XL:     2   Next: 85%
Magic:  2/2        EV:  8    Int:  8    God:
Gold:   88         SH:  4    Dex: 12    Spells: 1/1 levels left

rFire   . . .      SeeInvis .   a - +0 long sword
rCold   . . .      Faith    .   c - +0 buckler
rNeg    . . .      Spirit   .   b - +0 scale mail
rPois   .          Reflect  .   (no helmet)
rElec   .          Harm     .   (no cloak)
rCorr   .          Rampage  .   (no gloves)
Will    .....                   (no boots)
Stlth   ..........              (no amulet)
HPRegen 0.08/turn               (no ring)
MPRegen 0.08/turn               (no ring)

@: no status effects
A: no striking features
a: no special abilities


You were on level 1 of the Dungeon.
You visited 1 branch of the dungeon, and saw 1 of its levels.

You collected 88 gold pieces.

Inventory:

Hand Weapons
 a - a +0 long sword (weapon)
Armour
 b - a +0 scale mail (worn)
 c - a +0 buckler (worn)
Scrolls
 e - 2 scrolls of teleportation {unknown}
 f - a scroll of blinking {unknown}
 g - a scroll of magic mapping {unknown}
Potions
 d - a potion of might


   Skills:
 + Level 3.4 Fighting
 + Level 2.1 Long Blades
 + Level 3.2 Armour
 + Level 3.1 Shields


You had one spell level left.
You didn't know any spells.
Your spell library was empty.

Dungeon Overview and Level Annotations

Branches:
Dungeon (1/15)

Altars:


Message History

You hit the endoplasm.
The endoplasm is moderately wounded.
The bat hits you but does no damage. The bat closely misses you.
The endoplasm freezes you.
You are frozen.
The bat hits you but does no damage. The endoplasm hits you.
You completely miss the endoplasm.
The endoplasm is moderately wounded.
The bat hits you but does no damage.
The endoplasm hits you but does no damage.
The goblin hits you with a +0 club. The bat closely misses you.
The bat hits you but does no damage. The bat hits you.
You block the bat's attack. The bat hits you but does no damage.
The bat hits you but does no damage. The bat barely misses you.
You block the bat's attack. The bat barely misses you.
The endoplasm jiggles.
You block the bat's attack.
You barely miss the bat. The bat hits you but does no damage.
The endoplasm barely misses you.
You barely miss the goblin. The endoplasm freezes you.
You are frozen.
You block the goblin's attack.
The endoplasm jiggles.
The endoplasm barely misses you. The goblin hits you with a +0 club.
You barely miss the goblin.
The endoplasm hits you but does no damage.
You block the goblin's attack.
You slash the goblin!
You kill the goblin!
The bat closely misses you. The endoplasm freezes you.
You are frozen.
* * * LOW HITPOINT WARNING * * *
You block the bat's attack.
You closely miss the bat. The bat closely misses you.
The bat hits you but does no damage. The endoplasm barely misses you.
The endoplasm freezes you.
You are frozen.
You die...

#....(.# #.....)...###.....###
#.†....# ##.#####.....#.......#
#......###......+.....'...)...#
'.†.....##.....##.....#.......#
#.......##............#.......#
#.......##............#....####
#.......##............#....#
###.#............##.###>...#
#)#........#.#@##.# ###.##
###.##.###.....Jb##.#####.#
#........#.###...##.......#
#................##########
#........#.#.....########
#........#.#.....#.......
#........#.#.....#.......
#........#.#......)......
#........#.#.............


You could see an endoplasm and a bat.

Vanquished Creatures
  A dart slug (D:1)
  A bat (D:1)
  3 goblins (D:1)
  4 hobgoblins (D:1)
  2 kobolds (D:1)
  A quokka (D:1)
  A ball python (D:1)
  A frilled lizard (D:1)
14 creatures vanquished.

Notes
Turn   | Place    | Note
-------+----------+-------------------------------------------
     0 | D:1      | seaoflcl the Human Fighter began the quest for the Orb.
     0 | D:1      | Reached XP level 1. HP: 18/18 MP: 1/1
   260 | D:1      | Reached XP level 2. HP: 24/24 MP: 2/2
   356 | D:1      | Found a faded altar of an unknown god.
   634 | D:1      | Frozen to death by an endoplasm

Illustrated notes

Levels and vault maps discovered:
D:1:      tarquinn_simple_flora_water_e, layout_basic,
          hellmonk_ecumenical_altar_inner_sanctum

Action                   || total
-------------------------++-------
Melee: Long sword        ||    49
Armor: Scale mail        ||    28
Dodge: Dodged            ||    29
Block: Buckler           ||    20
